 Dungeon Crawl Stone Soup version 0.28.0 (webtiles) character file.

Game seed: 7363002805180056665

43356 browni3141 the Severer (level 13, -4/127 HPs)
             Began as a Minotaur Berserker on Feb 16, 2022.
             Was a High Priest of Trog.
             Slain by a five-headed hydra (5 damage)
             ... on level 6 of the Lair of Beasts.
             The game lasted 00:11:36 (17396 turns).

browni3141 the Severer (Minotaur Berserker)        Turns: 17396, Time: 00:11:36

Health: -4/127     AC: 24    Str: 27    XL:     13   Next: 90%
Magic:  0/12       EV:  8    Int:  4    God:    Trog [*****.]
Gold:   991        SH: 15    Dex: 16    Spells: 12/12 levels left

rFire   . . .      SeeInvis .   I - +2 broad axe (flame)
rCold   . . .      Faith    .   K - +2 kite shield
rNeg    . . .      Spirit   +   i - +0 plate armour
rPois   +          Reflect  .   (helmet restricted)
rElec   +          Harm     .   (no cloak)
rCorr   .          Rampage  .   A - +2 pair of gloves
Will    ++...                   (no boots)
Stlth   ..........              B - amulet of guardian spirit
HPRegen 1.31/turn               e - +4 ring of protection
MPRegen 0.13/turn               n - ring "Nilos" {*Corrode rElec rPois Dex+6}

@: strong-willed, on berserk cooldown, regenerating, slowed, very slow
A: horns 2, retaliatory headbutt
a: Renounce Religion, Berserk, Trog's Hand, Brothers in Arms


You were on level 6 of the Lair of Beasts.
You worshipped Trog.
Trog was extremely pleased with you.
You visited 2 branches of the dungeon, and saw 16 of its levels.
You also visited: Ossuary and Bailey.

You collected 991 gold pieces.

Inventory:

Hand Weapons
 a - a +0 hand axe
 F - a +0 war axe
 G - a +2 battleaxe of electrocution
 I - a +2 broad axe of flaming (weapon)
Armour
 b - a +0 animal skin
 f - a +0 chain mail
 i - a +0 plate armour (worn)
 A - a +2 pair of gloves (worn)
 C - +0 acid dragon scales
 K - a +2 kite shield (worn)
Jewellery
 c - a ring of poison resistance
 e - a +4 ring of protection (left hand)
 n - the ring "Nilos" (right hand) {*Corrode rElec rPois Dex+6}
   (You acquired it on level 9 of the Dungeon)

   [ring of dexterity]

   Dex:       It affects your dexterity (+6).
   rElec:     It insulates you from electricity.
   rPois:     It protects you from poison.
   *Corrode:  It may corrode you when you take damage.
 B - an amulet of guardian spirit (around neck)
 L - a ring of protection from cold
 O - a +4 ring of protection
 T - a +6 ring of strength
Wands
 m - a wand of paralysis (7)
 q - a wand of acid (5)
 t - a wand of flame (75)
 y - a wand of digging (5)
 E - a wand of iceblast (7)
 H - a wand of mindburst (6)
 J - a wand of charming (15)
 S - a wand of polymorph (5)
Scrolls
 d - 2 scrolls of holy word
 h - 7 scrolls of enchant armour
 j - 2 scrolls of magic mapping
 k - 6 scrolls of teleportation
 o - 3 scrolls of fear
 s - 3 scrolls of brand weapon
 u - 2 scrolls of silence
 v - 6 scrolls of fog
 w - 2 scrolls of noise
 N - 2 scrolls of immolation
 U - a scroll of identify
Potions
 g - 4 potions of curing
 l - 3 potions of degeneration
 p - 3 potions of flight
 r - a potion of lignification
 x - 2 potions of heal wounds
 z - 4 potions of brilliance
 D - 2 potions of invisibility
 M - a potion of might {unknown}
 P - 2 potions of magic
 Q - 4 potions of attraction {unknown}
 R - a potion of mutation {unknown}


   Skills:
 + Level 15.5 Fighting
 + Level 15.5 Axes
 + Level 15.3 Armour
 - Level 2.1 Dodging
 * Level 12.7 Shields


You had 12 spell levels left.
You didn't know any spells.
Your spell library was empty.

Dungeon Overview and Level Annotations

Branches:
Dungeon (10/15)            Temple (0/1) D:6            Lair (6/6) D:9
 Shoals (0/4) Lair:2          Orc (0/2) D:9         Ossuary (visited)
 Bailey (visited)
  Snake: Lair:2-4    Spider: Lair:2-4     Slime: Lair:5-6

Altars:
Elyvilon
Gozag

Shops:
D:8 *

Annotations:
D:6 2 transporters


Innate Abilities, Weirdness & Mutations

You have a pair of horns on your head.
You reflexively headbutt those who attack you in melee.


Message History

The seven-headed hydra closely misses you.
You block the seven-headed hydra's attack.
The seven-headed hydra bites you but does no damage.
You block the seven-headed hydra's attack.
The seven-headed hydra bites you but does no damage.
You block the seven-headed hydra's attack.
The seven-headed hydra bites you!
* * * LOW HITPOINT WARNING * * *
The black bear bites you but does no damage.
The black bear barely misses you.
The black bear claws you but does no damage.
Unknown command.
You slice one of the seven-headed hydra's heads off!
The flame cauterises the wound!
You slash the six-headed hydra! You burn the six-headed hydra.
The six-headed hydra is severely wounded.
You barely miss the black bear.
You block the six-headed hydra's attack.
The six-headed hydra bites you but does no damage.
You block the six-headed hydra's attack.
The six-headed hydra bites you.
* * * LOW HITPOINT WARNING * * *
You block the six-headed hydra's attack.
The six-headed hydra bites you but does no damage.
You block the black bear's attack.
The black bear claws you but does no damage. x2
Unknown command.
You chop one of the six-headed hydra's heads off!
The flame cauterises the wound!
You slash the five-headed hydra! You burn the five-headed hydra.
The five-headed hydra is severely wounded.
You slash the black bear! You burn the black bear.
You kill the black bear!
Trog accepts your kill.
The five-headed hydra bites you but does no damage. x2
You block the five-headed hydra's attack.
The five-headed hydra bites you!
* * * LOW HITPOINT WARNING * * *
The five-headed hydra bites you.
You die...

... .. # ##.#.##
#.#.#.#### #...$.#.# ## .
##......# ##.#.. #......#
##...... #$...†###
###..... #.#....D@# .....
#?#...h#####.†#
##..##.!#.##..#######
#..##....#.†..#...#.####
##.....†.†#........#...#
#...###.†..#.#......†....
... #!..†#P##.#.#.#(....
.. ##..#.##########...# .
###### ####†


You could see a five-headed hydra and a wolf.

Vanquished Creatures
  An orc warlord (Bailey)
  Snorg (Lair:6)
  4 hydras
  The ghost of browni3141 the Covert, a journeyman GrBe of Trog (Lair:1)
  3 two-headed ogres
  7 death yaks
  A fire crab (Lair:5)
  A wolf spider (Lair:6)
  An orc knight (Bailey)
  An elephant (Lair:4)
  3 black mambas
  A torpor snail (Lair:2)
  Maggie (D:6)
  7 cane toads
  The ghost of pkoi the Frost Mage, a novice DrIE (D:5)
  5 komodo dragons
  2 kobold demonologists (D:10)
  2 rime drakes
  3 trolls
  A hornet (D:9)
  13 polar bears
  A raiju (Lair:6)
  6 dream sheep (Lair:4)
  7 blink frogs
  3 basilisks
  2 wyverns
  25 yaks
  2 steam dragons
  Eustachio (D:4)
  4 wargs (Lair:6)
  4 acid dragons
  11 water moccasins
  8 hell hounds (Lair:6)
  8 orc warriors
  13 black bears
  2 sky beasts
  17 wolves
  2 necrophages
  2 ogres (D:9)
  3 centaurs
  2 phantoms
  3 kobold brigands (D:10)
  A gnoll sergeant (D:8)
  12 bullfrogs
  A scorpion (D:9)
  4 wights (D:10)
  An electric eel (Lair:5)
  2 howler monkeys
  3 centaur zombies
  2 bullfrog zombies (D:5)
  2 hounds (D:6)
  2 jellies
  3 orc priests
  A centaur skeleton (D:7)
  2 bullfrog skeletons
  2 iguanas
  Natasha (thrice) (D:3)
  8 orc wizards
  A killer bee zombie (D:8)
  A hound zombie (D:5)
  A hound skeleton (D:4)
  A mummy (Ossuary)
  A howler monkey zombie (D:5)
  Robin (D:3)
  3 gnolls (D:8)
  9 adders
  2 river rats (D:3)
  A white imp (D:6)
  3 ufetubi (D:6)
  80 orcs
  A spectral bat (Ossuary)
  5 ball pythons
  4 bats
  5 endoplasms
  4 giant cockroaches
  12 gnoll zombies (Ossuary)
  12 hobgoblins
  18 kobolds
  7 quokkas
  3 bat simulacra (Ossuary)
  4 frilled lizards
  23 goblins
  3 goblin simulacra (Ossuary)
  6 goblin zombies (Ossuary)
  7 hobgoblin zombies
  5 kobold simulacra (Ossuary)
  4 kobold zombies (Ossuary)
  2 orc zombies (Ossuary)
  6 rats
  6 rat simulacra (Ossuary)
  2 spectral goblins (Ossuary)
  3 spectral kobolds (Ossuary)
  A spectral rat (Ossuary)
482 creatures vanquished.

Vanquished Creatures (others)
  24 fungi
  52 plants
  A withered plant (D:2)
77 creatures vanquished.

Grand Total: 559 creatures vanquished

Notes
Turn   | Place    | Note
-------+----------+-------------------------------------------
     0 | D:1      | browni3141 the Minotaur Berserker began the quest for the
                  | Orb.
     0 | D:1      | Reached XP level 1. HP: 19/19 MP: 0/0
   631 | D:1      | Reached XP level 2. HP: 22/27 MP: 1/1
  1179 | D:2      | Found an opulent altar of Gozag.
  1315 | D:2      | Found a faded altar of an unknown god.
  1679 | D:2      | Reached XP level 3. HP: 33/33 MP: 2/2
  1773 | D:2      | Reached ** piety under Trog
  1791 | D:2      | Identified the +1 leather armour of Experimentation {Harm
                  | rCorr Int-3 Stlth-}
  2432 | D:3      | Noticed Natasha
  2438 | D:3      | Killed Natasha
  2439 | D:3      | Reached XP level 4. HP: 34/41 MP: 3/3
  2701 | D:3      | Noticed Natasha
  2704 | D:3      | Killed Natasha
  2862 | D:3      | Noticed Robin
  2884 | D:3      | Reached skill level 5 in Axes
  2890 | D:3      | Killed Robin
  2891 | D:3      | Reached XP level 5. HP: 46/47 MP: 4/4
  2896 | D:3      | Reached skill level 5 in Fighting
  3323 | D:3      | Noticed Natasha
  3331 | D:3      | Killed Natasha
  3664 | D:3      | Reached *** piety under Trog
  3749 | D:4      | Noticed a phantom
  3769 | D:4      | Killed a phantom
  3770 | D:4      | Reached XP level 6. HP: 57/57 MP: 5/5
  3860 | D:4      | Noticed Eustachio
  3887 | D:4      | Killed Eustachio
  3888 | D:4      | Reached skill level 5 in Armour
  4229 | D:4      | Reached XP level 7. HP: 62/64 MP: 6/6
  4593 | D:5      | Entered Level 5 of the Dungeon
  4593 | D:5      | Found a runed translucent door.
  4596 | D:5      | Noticed pkoi's ghost (novice DrIE)
  5051 | D:5      | Reached XP level 8. HP: 73/73 MP: 7/7
  5303 | D:5      | Killed pkoi's ghost
  5551 | D:6      | Found a staircase to the Ecumenical Temple.
  5639 | D:6      | Noticed a troll
  5647 | D:6      | Killed a troll
  5822 | D:6      | Found a transporter.
  5824 | D:6      | Noticed a kobold demonologist
  5826 | D:6      | Noticed a kobold demonologist
  6019 | D:6      | Noticed Maggie
  6040 | D:6      | Killed Maggie
  6041 | D:6      | Reached XP level 9. HP: 83/83 MP: 8/8
  6104 | D:6      | Found a transporter.
  6293 | D:6      | Reached **** piety under Trog
  6893 | D:7      | Noticed a two-headed ogre
  6900 | D:7      | Killed a two-headed ogre
  7163 | D:7      | Reached skill level 10 in Axes
  7204 | D:7      | Reached skill level 10 in Fighting
  7549 | D:8      | Found a sand-covered staircase.
  7560 | Ossuary  | Entered an ossuary
  7758 | Ossuary  | Reached ***** piety under Trog
  7879 | D:8      | Found a flagged portal.
  7890 | D:8      | Reached skill level 10 in Armour
  7891 | Bailey   | Entered a bailey
  7910 | Bailey   | Received a gift from Trog
  7914 | Bailey   | Noticed an orc warlord
  8262 | Bailey   | Noticed an orc knight
  8272 | Bailey   | Killed an orc knight
  8273 | Bailey   | Reached XP level 10. HP: 19/94 MP: 9/9
  8598 | Bailey   | Found a runed translucent gate.
  8598 | Bailey   | Found a runed translucent gate.
  8617 | Bailey   | Found a runed translucent gate.
  8725 | Bailey   | Killed an orc warlord
  8926 | Bailey   | Reached XP level 11. HP: 106/106 MP: 10/10
  9027 | D:8      | Found Depim's Gadget Gallery.
  9520 | D:9      | Reached skill level 1 in Shields
  9596 | D:9      | Identified a scroll of acquirement
  9596 | D:9      | Acquired the ring "Nilos" {*Corrode rElec rPois Dex+6}
  9715 | D:9      | Found a staircase to the Lair.
 10083 | D:9      | Noticed a two-headed ogre
 10090 | D:9      | Received a gift from Trog
 10094 | D:9      | Killed a two-headed ogre
 10140 | D:9      | Noticed a two-headed ogre
 10152 | D:9      | Killed a two-headed ogre
 10153 | D:9      | Reached skill level 5 in Shields
 10385 | D:9      | Found a staircase to the Orcish Mines.
 10691 | D:10     | Entered Level 10 of the Dungeon
 10810 | D:10     | Found a white marble altar of Elyvilon.
 11074 | D:10     | Reached XP level 12. HP: 113/115 MP: 11/11
 11629 | Lair:1   | Entered Level 1 of the Lair of Beasts
 11763 | Lair:1   | Noticed a six-headed hydra
 11770 | Lair:1   | Killed a two-headed hydra
 12326 | Lair:1   | Found a runed translucent gate.
 12327 | Lair:1   | Found a runed translucent gate.
 12327 | Lair:1   | Found a runed translucent gate.
 12925 | Lair:1   | Noticed a six-headed hydra
 12933 | Lair:1   | Killed a one-headed hydra
 13249 | Lair:1   | Noticed browni3141's ghost (journeyman GrBe)
 13349 | Lair:1   | Killed browni3141's ghost
 13483 | Lair:2   | Noticed a four-headed hydra
 13491 | Lair:2   | Killed a one-headed hydra
 13681 | Lair:2   | Found a staircase to the Shoals.
 13969 | Lair:2   | Received a gift from Trog
 14437 | Lair:3   | You fall into a shaft and drop 1 floor!
 14562 | Lair:4   | Reached skill level 10 in Shields
 14563 | Lair:4   | Reached XP level 13. HP: 105/125 MP: 10/12
 15541 | Lair:5   | Reached skill level 15 in Axes
 15658 | Lair:5   | Reached skill level 15 in Fighting
 16645 | Lair:6   | Entered Level 6 of the Lair of Beasts
 16645 | Lair:6   | Noticed Snorg
 16651 | Lair:6   | Killed Snorg
 16776 | Lair:6   | Reached skill level 15 in Armour
 17396 | Lair:6   | HP: 1/127 [five-headed hydra (10)]
 17396 | Lair:6   | Slain by a five-headed hydra

Illustrated notes

Levels and vault maps discovered:
D:1:      minmay_arrival_arboretum_small, layout_loops_corners,
          hangedman_glass_teeth, minmay_misc_feat_diagonals
D:2:      layout_loops_ring, serial_co_window_serial, co_window_corner_a,
          co_window_corner_a, co_window_paths_b, co_window_paths_a,
          co_window_cross_1, co_window_cross_1, co_window_paths_a,
          co_window_paths_a, co_window_corner_a, co_window_broadway_c,
          co_window_broadway_c, co_window_paths_c, co_window_4corner_a,
          glass_columns_a, basic_altar, shapermc_ecumenical_altar_flowoftime,
          grunt_decor_clamped
D:3:      layout_loops_corners, portal_sewer_entry_b,
          kennysheep_generic_room_13, uniq_robin, uniq_natasha
D:4:      layout_cave_pods, uniq_eustachio
D:5:      layout_rooms, ebering_ghost_sewer_d, nicolae_underground_beach
D:6:      gammafunk_wand_slinger, layout_basic, minmay_temple_entry_waves,
          kennysheep_generic_room_2, uniq_maggie
D:7:      layout_loops_ring
D:8:      layout_cave_pools, enter_bailey_5, enter_ossuary_3,
          nicolae_benzene_ring, supply_closet_lemuel, nicolae_shop_gadgets
D:9:      layout_roguey [special_room_orc], due_lair_maze_entry_diamond,
          hiddenorc2_lemuel
D:10:     layout_loops_ring, elyvilon_altar_5
Lair:1:   layout_concentric_octagons, ebering_ghost_rock_garden,
          beast_lair_carwin_10, lemuel_fruit_tree
Lair:2:   layout_regular_city, elwin_shoals_entry_rocks,
          grunt_forest_small_clearings
Lair:3:   nzn_winding_woodlands_stair_cross
          [nzn_winding_woodlands_5x15_sawtooth,
          nzn_winding_woodlands_center_diamonds,
          nzn_winding_woodlands_5x15_parted, nzn_winding_woodlands_5x5_default,
          nzn_winding_woodlands_5x5_default, nzn_winding_woodlands_5x15_default,
          nzn_winding_woodlands_center_triple_pond,
          nzn_winding_woodlands_5x15_pathside_ponds], layout_long_grid,
          spider_nest_entry_webs
Lair:4:   layout_misc_corridors, beast_lair_carwin_6, infiniplex_staircase_pool
Lair:5:   layout_layer_cave, infiniplex_staircase_pool_2, serial_bayou_shore_a,
          grunt_megastairs_3
Lair:6:   wormcave, layout_cave_pods, hangedman_lair_caniforms_friends,
          nicolae_slime_entry_slimehenge, minmay_stone_trees_small, st_stairs_7,
          uniq_snorg

Skill      XL: |  1  2  3  4  5  6  7  8  9 10 11 12 13 |
---------------+----------------------------------------+-----
Axes           | 4 5 6 7 9 10 12 13 14 15 | 15.5
Fighting       | 4 5 6 7 9 10 12 13 14 15 | 15.5
Armour         | 3 4 5 6 8 10 12 13 14 15 | 15.3
Shields        | 5 10 12 | 12.7
Dodging        | |  2.1

Action                   |  1- 3 |  4- 6 |  7- 9 | 10-12 | 13-15 || total
-------------------------+-------+-------+-------+-------+-------++-------
Melee: Hand axe          |    89 |   156 |   184 |       |       ||   429
       Headbutt          |    13 |    18 |    51 |    73 |    41 ||   196
       Punch             |     1 |     1 |     5 |       |       ||     7
       Battleaxe         |       |       |   111 |    26 |       ||   137
       Broad axe         |       |       |       |   318 |   204 ||   522
Invok: Berserk           |       |     3 |     7 |     7 |     4 ||    21
       Trog's Hand       |       |       |     1 |       |     2 ||     3
       Brothers in Arms  |       |       |       |       |     1 ||     1
Evoke: Wand              |       |       |       |       |     2 ||     2
  Use: Potion            |       |       |       |     1 |       ||     1
       Scroll            |       |       |       |    16 |     9 ||    25
 Stab: Distracted        |       |       |       |       |     1 ||     1
Armor: Chain mail        |    23 |       |       |       |       ||    23
       Animal skin       |     1 |       |       |       |       ||     1
       Plate armour      |    38 |   116 |   199 |   198 |   218 ||   769
Dodge: Dodged            |    36 |    69 |   103 |   111 |   100 ||   419
Block: Kite shield       |       |       |       |   219 |   227 ||   446
